AoeStats
← Bill Flounder

Arena

510460684Analyzed
1v1 RM · 1d ago on Oct 1, 2026· 38m 16s· 2 players
Game mode
Random Map
Map size
Tiny (2 player)
Population
200
Speed
Normal
Resources
Standard
Victory
Conquest
Starting age
Dark Age
Ending age
Imperial Age
RankedLock teamsTeams togetherTeam positionsShared explorationLock speedFull tech treeHidden civsTurbo modeCheats
Victory
Defeat
🇳🇿 Malay · New Zealand
1293
+12
🇲🇽 Aztecs · Mexico
1202
-12
shospacorrea
0:46 Loom
10:58 Feudal Age
15:42 Castle Age
14:12 Double-Bit Axe
15:05 Scale Mail Armor
17:01 Wheelbarrow
16:13 Loom
17:39 Squires
17:34 Town Watch
18:11 Horse Collar
23:26 Heavy Plow
29:15 Chain Mail Armor
29:11 Forging
31:21 Iron Casting
36:24 Imperial Age
34:16 Bow Saw
36:31 Capped Ram
37:46 Garland Wars
37:51 Conscription
37:00 Elite Skirmisher
38:18 Plate Mail Armor
37:46 Fletching
37:58 Padded Archer Armor
Bill Flounder
8:52 Feudal Age
8:26 Town Watch
8:29 Double-Bit Axe
9:18 Horse Collar
16:20 Castle Age
14:40 Gold Mining
14:56 Stone Mining
16:31 Bow Saw
20:50 Heavy Plow
25:18 Wheelbarrow
24:41 Loom
29:43 Forging
32:06 Imperial Age
31:04 Iron Casting
30:20 Fletching
31:32 Ballistics
30:52 Treadmill Crane
31:23 Masonry
31:54 Conscription
31:08 Crossbowman
31:54 Thumb Ring
33:21 Chemistry
32:21 Bodkin Arrow
32:27 Padded Archer Armor
35:04 Bracer
35:35 Masonry
38:08 Town Patrol
39:02 Leather Archer Armor
39:47 Blast Furnace
Connection lost

Rejoining the realm…

Still unreachable

The connection could not be restored.

Session expired

The server has moved on; the page needs a fresh start.